[Event "Alef Super Stars Blitz 2023"]
[Site "Almamsha"]
[Date "2023.12.06"]
[Round "12.2"]
[White "Nihal Sarin"]
[Black "Sjugirov, Sanan"]
[Result "1/2-1/2"]
[ECO "B30"]
[WhiteElo "2688"]
[BlackElo "2703"]
[Annotator "TA"]
[PlyCount "86"]
[EventDate "2023.11.27"]
[EventType "tourn"]
[EventCountry "UAE"]
[SourceTitle "playchess.com"]
[Source "ChessBase"]
[SourceQuality "1"]
[TimeControl "180+2"]

1. e4 c5 2. Nf3 Nc6 3. Bb5 e6 4. O-O Nge7 5. d4 cxd4 6. Nxd4 Qb6 {[%emt 0:00:01] 6...Ng6 is the fancy move.} 7. Nxc6 {[%emt 0:00:04] B30: Sicilian: 2...Nc6 3 Bb5, lines without ...g6.} bxc6 8. Bd3 Ng6 9. Nd2 Be7 10. Nf3 Qc7 11. Re1 {[%emt 0:00:08] [#]} e5 $146 ({Predecessor:} 11... Bf6 12. Qe2 d6 13. Rb1 O-O 14. b3 Rb8 15. a4 Bc3 16. Rd1 Rd8 17. h3 d5 {½-½ Ozen,D (2411)-Quparadze,G (2509) Marmaris Physkos 2018 (1)}) 12. c4 d6 13. b3 O-O 14. g3 Bg4 15. Be2 f5 16. exf5 Bxf5 (16... Rxf5 {looks sharper.} 17. c5 d5 18. Nxe5 Bxe2 19. Nxg6 Bxd1 20. Nxe7+ Kh8) 17. Be3 Rf7 (17... Bh3 {is more complex.} 18. Ng5 Bxg5 19. Bxg5 Qd7) 18. h4 h6 19. Rc1 a5 20. Nh2 Qd7 21. Bg4 d5 $2 (21... Bxg4 $11 22. Qxg4 Qxg4 23. Nxg4 h5) 22. cxd5 $16 cxd5 23. Bxf5 Rxf5 {[%emt 0:00:01] [#]} 24. h5 $1 Nf8 {[%emt 0:00:02] [#]} (24... Bb4 $16) 25. Rc7 $3 $18 {[%emt 0:00:01][%mdl 576] Deflection} Qxc7 26. Qxd5+ Rf7 27. Qxa8 Bb4 28. Rc1 Qd7 29. Kg2 ({Don't do} 29. Nf3 Qf5) 29... Qf5 30. Qf3 Qd3 31. Qg4 Qd5+ 32. Kg1 Ne6 (32... Rf6 $142 33. Rc8 (33. Rc7 Ne6 $16) 33... Kh7) 33. Bxh6 Bc5 {[%emt 0:00:11] [#]} 34. Be3 (34. Rf1 $1 $18) 34... Bxe3 $11 {[%emt 0:00:01] The position is equal.} 35. fxe3 {[%emt 0:00:00] aiming for Rd1.} Qd2 36. Rf1 Qxe3+ 37. Kh1 (37. Kg2 {keeps more tension.} Qd2+ 38. Kh1 Qd5+ 39. Kg1) 37... Ng5 38. Rxf7 Nxf7 {[%emt 0:00:01] KQN-KQN} 39. Qc8+ Kh7 40. Qf5+ Kg8 41. Qc8+ Kh7 42. Qf5+ Kg8 43. Qc8+ Kh7 {[%emt 0:00:01] Black escapes into a draw.   Weighted Error Value: White=0.15 (very precise) /Black=0.19 (very precise)} 1/2-1/2